 Dungeon Crawl Stone Soup version 0.23-a0-582-g1b4a0ca2fb (webtiles) character file.

53 Maize the Covered (level 3, -2/33 HPs)
             Began as a Minotaur Fighter on Dec 16, 2018.
             Slain by a gnoll
             ... wielding a +0 halberd
              (7 damage)
             ... on level 2 of the Dungeon.
             The game lasted 00:01:36 (1154 turns).

Maize the Covered (Minotaur Fighter)                Turns: 1154, Time: 00:01:37

Health: -2/33      AC:  7    Str: 21    XL:     3   Next: 64%
Magic:  2/2        EV:  9    Int:  5    God:
Gold:   149        SH:  0    Dex:  9    Spells: 2/2 levels left

rFire    . . .     SeeInvis .   a - +0 war axe
rCold    . . .     Gourm    .   (no shield)
rNeg     . . .     Faith    .   b - +0 scale mail
rPois    .         Spirit   .   (helmet restricted)
rElec    .         Reflect  .   (no cloak)
rCorr    .         Harm     .   (no gloves)
MR       .....                  (no boots)
Stlth    ..........             (no amulet)
HPRegen  0.11/turn              (no ring)
MPRegen  0.08/turn              (no ring)

@: no status effects
A: retaliatory headbutt, horns 2
a: no special abilities


You were on level 2 of the Dungeon.
You were hungry.

You visited 1 branch of the dungeon, and saw 2 of its levels.

You collected 149 gold pieces.

Inventory:

Hand Weapons
 a - a +0 war axe (weapon)
Armour
 b - a +0 scale mail (worn)
Scrolls
 e - a scroll of remove curse {unknown}
 g - a scroll of noise {unknown}
 h - a scroll of magic mapping {unknown}
 i - 2 scrolls of identify {unknown}
 j - a scroll of teleportation {unknown}
Potions
 c - a potion of curing {unknown}
 d - a potion of might
 k - a potion of agility {unknown}
 l - 2 potions of haste {unknown}
Comestibles
 f - 4 rations


   Skills:
 + Level 4.2 Fighting
 * Level 3.6 Axes
 + Level 4.2 Armour
   Level 3.8 Shields


You had 2 spell levels left.
You didn't know any spells.
Your spell library was empty.

Dungeon Overview and Level Annotations

Branches:
Dungeon (2/15)

Altars:


Innate Abilities, Weirdness & Mutations

You reflexively headbutt those who attack you in melee.
You have a pair of horns on your head.


Message History

a +0 flail; a scroll labeled FOAXEPAJIE; a gnoll corpse You hit the gnoll.
You headbutt the gnoll.
You kill the gnoll!
You hit the frilled lizard.
You kill the frilled lizard!
The gnoll closely misses you. The gnoll barely misses you.
You furiously retaliate!
You headbutt the gnoll.
Things that are here:
a +0 halberd; a fuming dark potion; a frilled lizard corpse You barely miss the gnoll.
The gnoll is lightly wounded.
The gnoll barely misses you.
You hit the gnoll but do no damage.
The gnoll is lightly wounded.
The gnoll hits you with a +0 halberd.
* * * LOW HITPOINT WARNING * * *
Your scale mail prevents you from hitting the gnoll.
The gnoll is lightly wounded.
The gnoll hits you with a +0 halberd!
You die...

##.###. ... #. ### #.
##' ##.. ## ##... ..##
##....
..##########...####.....
......g@).........'.....
.#..######.#...#.##.....
#....## ##.... #.#### #
##... #.# .# ##..
#.#####.######'
##..............
##.#.##.#######..
#.###.......# #..


You could see a gnoll.

Vanquished Creatures
  2 gnolls (D:2)
  An adder (D:2)
  A dart slug (D:1)
  A leopard gecko (D:1)
  A ball python (D:1)
  2 giant cockroaches (D:1)
  3 goblins
  3 hobgoblins (D:1)
  A kobold (D:1)
  A bat (D:1)
  5 frilled lizards
  3 rats (D:1)
24 creatures vanquished.

Notes
Turn   | Place    | Note
-------+----------+-------------------------------------------
     0 | D:1      | Maize the Minotaur Fighter began the quest for the Orb.
     0 | D:1      | Reached XP level 1. HP: 19/19 MP: 0/0
   149 | D:1      | Reached XP level 2. HP: 17/27 MP: 1/1
   738 | D:2      | Reached XP level 3. HP: 33/33 MP: 2/2
  1154 | D:2      | Slain by a gnoll

Vault maps used:
D:1:      kilobyte_arrival_exit_the_forest
D:2:      uniq_natasha

Skill      XL: |  1  2 |
---------------+-------+-----
Axes           | 3 |  3.6
Fighting       | 4 |  4.2
Armour         | 4 |  4.2
Shields        | |  3.8

Action                   || total
-------------------------++-------
Melee: War axe           ||    44
       Headbutt          ||     4
Armor: Scale mail        ||    25
Dodge: Dodged            ||    21
Block: Shield            ||     4

Table legend:
 A = Non-vault XP
 B = Vault XP
 C = Vault XP percentage of total XP
 D = Non-vault monster count
 E = Vault monster count
 F = Vault count percentage of total count
                 A         B        C        D         E       F
            +---------+---------+-------+---------+---------+-------
      Total |      77 |       0 |   0.0 |      24 |       0 |   0.0
            +---------+---------+-------+---------+---------+-------
        D:1 |      29 |       0 |   0.0 |      16 |       0 |   0.0
        D:2 |      48 |       0 |   0.0 |       8 |       0 |   0.0
            +---------+---------+-------+---------+---------+-------
